Lightning vs Rangers

Created - October 21 2011 at 18:55

Goals
1 2 3 T
Lightning 0 0 0 0
Rangers 2 4 3 9
Shots
1 2 3 T
Lightning 8 4 7 19
Rangers 18 13 23 54

Period #1

1. Rangers , Dan Cleary 4 (Mike Cammalleri) at 8:42
2. Rangers , Nikolai Zherdev 2 (Keith Ballard, Scott Gomez) at 13:16

Penalties :
Andy Sutton (TBL) for Interference (Minor) at 0:41, Scott Hartnell (TBL) for Cross-checking (Minor) at 4:13, Patrick Kane (TBL) for Tripping (Minor) at 8:59, Niklas Kronwall (TBL) for Holding (Minor) at 15:57, Scott Hartnell (TBL) for Hooking (Minor) at 16:04, Mike Weaver (NYR) for Elbowing (Minor) at 19:21

Period #2

3. Rangers , Ian White 1 (Dan Cleary, Jay Bouwmeester) at 2:03 (PP)
4. Rangers , Scott Gomez 3 (Nikolai Zherdev) at 7:16
5. Rangers , Dan Cleary 5 (Mikko Koivu, Ian White) at 7:59
6. Rangers , Henrik Sedin 2 (Lubomir Visnovsky, Nikolai Kulemin) at 9:42

Penalties :
Tim Gleason (TBL) for Tripping (Minor) at 1:33, Andrej Meszaros (TBL) for Roughing (Minor) at 2:58

Period #3

7. Rangers , Mike Cammalleri 3 (Dan Cleary, Mikko Koivu) at 1:41
8. Rangers , Dan Cleary 6 (Mikko Koivu, Mike Cammalleri) at 6:02
9. Rangers , Dan Cleary 7 (Mike Cammalleri, Mikko Koivu) at 7:37

Penalties :
Dan Cleary (NYR) for Roughing (Minor) at 10:13, Tim Gleason (TBL) for Interference (Minor) at 15:43, Andrej Meszaros (TBL) for Boarding (Minor) at 16:20, Brent Seabrook (TBL) for Goalie Interference (Minor) at 18:38

Goalie Stats

Jaroslav Halak (TBL), 19 saves from 24 shots - (0.792), L, 1-3-1, 27:59 minutes
Chris Mason (TBL), 26 saves from 30 shots - (0.867), 32:01 minutes
Niklas Backstrom (NYR), 19 saves from 19 shots - (1.000), W, 5-2-0, 60:00 minutes

Players Stats

Lightning
Player Name              G  A  P  +/- PIM S  H  SB FO    MP 
------------------------------------------------------------
Andrej Meszaros          0  0  0  -4  4   0  1  2  0/0   19 
Andy Sutton              0  0  0  -3  2   0  2  1  0/0   18 
Barret Jackman           0  0  0  -4  0   0  0  3  0/0   19 
Brent Seabrook           0  0  0  -1  2   0  7  3  0/0   23 
Ilya Kovalchuk           0  0  0  -4  0   1  1  0  1/1   15 
John Erskine             0  0  0   0  0   0  0  0  0/0   0  
Marcel Goc               0  0  0  -3  0   0  0  0  13/23 17 
Martin Havlat            0  0  0  -1  0   1  1  0  1/1   18 
Maxime Talbot            0  0  0   0  0   0  0  0  2/4   11 
Nick Spaling             0  0  0  -3  0   1  1  0  0/0   13 
Niklas Kronwall          0  0  0  -1  2   1  0  4  0/0   25 
Patrick Kane             0  0  0  -4  2   2  1  1  0/2   13 
Patrick Sharp            0  0  0  -1  0   6  1  0  0/1   19 
Paul Stastny             0  0  0  -4  0   3  1  1  6/16  15 
Scott Hartnell           0  0  0  -3  4   2  2  0  0/2   17 
Steve Begin              0  0  0   0  0   0  0  0  0/0   0  
Tim Gleason              0  0  0  -3  4   0  3  2  0/0   17 
Tomas Plekanec           0  0  0  -1  0   2  1  1  23/41 24 
Rangers
Player Name              G  A  P  +/- PIM S  H  SB FO    MP 
------------------------------------------------------------
Andrei Kostitsyn         0  0  0   2  0   4  3  0  0/0   15 
Cal Clutterbuck          0  0  0   0  0   0  1  0  0/0   6  
Dan Cleary               4  2  6   5  2   11 1  1  2/2   19 
Francis Bouillon         0  0  0   2  0   1  2  2  0/0   20 
Guillaume Latendresse    0  0  0   1  0   0  0  0  0/0   9  
Henrik Sedin             1  0  1   1  0   3  1  0  15/22 18 
Ian White                1  1  2   5  0   4  3  0  0/0   20 
Jay Bouwmeester          0  1  1   1  0   3  2  1  0/0   26 
Keith Ballard            0  1  1   2  0   0  0  0  0/0   16 
Lubomir Visnovsky        0  1  1   1  0   6  1  2  0/0   24 
Mark Recchi              0  0  0   0  0   2  1  1  1/3   17 
Mike Cammalleri          1  3  4   5  0   4  0  0  0/1   18 
Mike Weaver              0  0  0   5  2   1  2  1  0/0   14 
Mikko Koivu              0  4  4   5  0   8  2  0  15/30 19 
Nikolai Kulemin          0  1  1   1  0   1  2  0  0/1   15 
Nikolai Zherdev          1  1  2   2  0   4  0  0  0/1   15 
Scott Gomez              1  1  2   2  0   2  0  0  9/24  16 
Tom Pyatt                0  0  0   0  0   0  0  0  3/7   8  

3 Stars

1 - Dan Cleary (NYR)
2 - Mike Cammalleri (NYR)
3 - Mikko Koivu (NYR)

Power Play

Lightning - 0 on 2 Attempt(s) - 0.00%
Rangers - 1 on 10 Attempt(s) - 10.00%

Penalty Kill

Lightning - 9 on 10 Attempt(s) - 90.00% - Score 0 goal in Penalty Kill
Rangers - 2 on 2 Attempt(s) - 100.00% - Score 0 goal in Penalty Kill

Game Notes

Chris Mason enters game at 7:59 of 2nd period
Dan Cleary has scored a Hat Trick!

Finance

Level 1 -- Attendance: 3768 (57.97%) -- Ticket Income $471,000.00
Level 2 -- Attendance: 3003 (60.06%) -- Ticket Income $225,225.00
Level 3 -- Attendance: 1901 (54.31%) -- Ticket Income $95,050.00
Level 4 -- Attendance: 1706 (77.55%) -- Ticket Income $42,650.00
Luxury Box -- Attendance: 635 (63.50%) -- Ticket Income $158,750.00
Game was played at the Madison Square Garden
Total Attendance: 11013 (60.51%)
Total Ticket Income: $1,014,624.00
Other Income: $211,829.40
Total Income: $1,226,453.00


Play by Play

Period #1

0:01 of 1st period - Martin Havlat wins face-off versus Henrik Sedin in neutral zone.
0:14 of 1st period - Shot by Patrick Sharp.
0:14 of 1st period - Shot Misses the Net.
0:34 of 1st period - Shot by Lubomir Visnovsky.
0:34 of 1st period - Stopped by Jaroslav Halak without a rebound.
0:35 of 1st period - Mikko Koivu wins face-off versus Paul Stastny in Lightning zone.
0:38 of 1st period - Shot by Dan Cleary.
0:38 of 1st period - Shot Misses the Net.
0:40 of 1st period - Shot by Mike Weaver.
0:40 of 1st period - Stopped by Jaroslav Halak without a rebound.
0:41 of 1st period - Scott Gomez wins face-off versus Scott Hartnell in Lightning zone.
0:41 of 1st period - Minor Penalty to Andy Sutton for Interference.
0:42 of 1st period - Mikko Koivu wins face-off versus Marcel Goc in Lightning zone.
0:47 of 1st period - Shot by Mark Recchi.
0:47 of 1st period - Shot Misses the Net.
0:49 of 1st period - Shot by Ian White.
0:49 of 1st period - Shot Misses the Net.
0:51 of 1st period - Shot by Ian White.
0:51 of 1st period - Shot Blocked by Andrej Meszaros.
0:53 of 1st period - Shot by Dan Cleary.
0:53 of 1st period - Shot Blocked by Barret Jackman.
0:57 of 1st period - Shot by Mikko Koivu.
0:57 of 1st period - Stopped by Jaroslav Halak without a rebound.
0:58 of 1st period - Henrik Sedin wins face-off versus Tomas Plekanec in Lightning zone.
1:03 of 1st period - Shot by Lubomir Visnovsky.
1:03 of 1st period - Stopped by Jaroslav Halak without a rebound.
1:04 of 1st period - Tomas Plekanec wins face-off versus Henrik Sedin in Lightning zone.
1:04 of 1st period - Tomas Plekanec is hit by Henrik Sedin.
2:10 of 1st period - Shot by Mark Recchi.
2:10 of 1st period - Stopped by Jaroslav Halak without a rebound.
2:11 of 1st period - Mikko Koivu wins face-off versus Tomas Plekanec in Lightning zone.
2:14 of 1st period - Shot by Dan Cleary.
2:14 of 1st period - Shot Blocked by Niklas Kronwall.
2:16 of 1st period - Shot by Jay Bouwmeester.
2:16 of 1st period - Stopped by Jaroslav Halak with a rebound.
2:20 of 1st period - Shot by Mark Recchi.
2:20 of 1st period - Shot Blocked by Niklas Kronwall.
2:47 of 1st period - Icing by Andrej Meszaros.
2:48 of 1st period - Paul Stastny wins face-off versus Scott Gomez in Lightning zone.
2:55 of 1st period - Nikolai Zherdev is hit by Ilya Kovalchuk and loses puck.
4:13 of 1st period - Minor Penalty to Scott Hartnell for Cross-checking.
4:14 of 1st period - Tomas Plekanec wins face-off versus Mikko Koivu in Lightning zone.
4:14 of 1st period - Tomas Plekanec is hit by Mark Recchi.
4:20 of 1st period - Maxime Talbot is hit by Dan Cleary and loses puck.
4:37 of 1st period - Shot by Mikko Koivu.
4:37 of 1st period - Shot Misses the Net.
4:39 of 1st period - Shot by Mikko Koivu.
4:39 of 1st period - Shot Misses the Net.
4:41 of 1st period - Shot by Mikko Koivu.
4:41 of 1st period - Deflect By Dan Cleary.
4:41 of 1st period - Shot Misses the Net.
4:45 of 1st period - Shot by Mikko Koivu.
4:45 of 1st period - Shot Blocked by Niklas Kronwall.
4:47 of 1st period - Shot by Ian White.
4:47 of 1st period - Stopped by Jaroslav Halak with a rebound.
4:51 of 1st period - Shot by Mikko Koivu.
4:51 of 1st period - Shot Blocked by Brent Seabrook.
4:53 of 1st period - Shot by Ian White.
4:53 of 1st period - Shot Misses the Net.
4:57 of 1st period - Shot by Mark Recchi.
4:57 of 1st period - Stopped by Jaroslav Halak without a rebound.
4:58 of 1st period - Marcel Goc wins face-off versus Henrik Sedin in Lightning zone.
5:21 of 1st period - Shot by Lubomir Visnovsky.
5:21 of 1st period - Stopped by Jaroslav Halak without a rebound.
5:22 of 1st period - Tomas Plekanec wins face-off versus Mikko Koivu in Lightning zone.
6:15 of 1st period - Shot by Nikolai Zherdev.
6:15 of 1st period - Stopped by Jaroslav Halak without a rebound.
6:16 of 1st period - Scott Gomez wins face-off versus Patrick Kane in Lightning zone.
6:16 of 1st period - Francis Bouillon is hit by Tim Gleason and loses puck.
6:34 of 1st period - Scott Gomez is hit by Scott Hartnell and loses puck.
6:39 of 1st period - Shot by Patrick Kane.
6:39 of 1st period - Shot Blocked by Francis Bouillon.
6:52 of 1st period - Icing by Francis Bouillon.
6:53 of 1st period - Tomas Plekanec wins face-off versus Scott Gomez in Rangers zone.
6:53 of 1st period - Tomas Plekanec is hit by Francis Bouillon.
6:57 of 1st period - Shot by Patrick Sharp.
6:57 of 1st period - Stopped by Niklas Backstrom with a rebound.
7:56 of 1st period - Brent Seabrook is hit by Lubomir Visnovsky.
8:12 of 1st period - Shot by Henrik Sedin.
8:12 of 1st period - Stopped by Jaroslav Halak without a rebound.
8:13 of 1st period - Marcel Goc wins face-off versus Mikko Koivu in Lightning zone.
8:31 of 1st period - Mike Cammalleri is hit by Andy Sutton and loses puck.
8:40 of 1st period - Shot by Mike Cammalleri.
8:40 of 1st period - Shot Misses the Net.
8:42 of 1st period - Shot by Dan Cleary.
8:42 of 1st period - Goal by Dan Cleary - Lightning : 0 - Rangers : 1.
8:43 of 1st period - Paul Stastny wins face-off versus Tom Pyatt in neutral zone.
8:45 of 1st period - Patrick Kane is hit by Jay Bouwmeester and loses puck.
8:59 of 1st period - Minor Penalty to Patrick Kane for Tripping.
9:00 of 1st period - Marcel Goc wins face-off versus Mikko Koivu in Lightning zone.
9:21 of 1st period - Shot by Dan Cleary.
9:21 of 1st period - Stopped by Jaroslav Halak with a rebound.
9:25 of 1st period - Shot by Mikko Koivu.
9:25 of 1st period - Deflect By Dan Cleary.
9:25 of 1st period - Shot Misses the Net.
9:27 of 1st period - Shot by Mark Recchi.
9:27 of 1st period - Shot Misses the Net.
9:59 of 1st period - Shot by Francis Bouillon.
9:59 of 1st period - Shot Misses the Net.
10:01 of 1st period - Shot by Francis Bouillon.
10:01 of 1st period - Stopped by Jaroslav Halak without a rebound.
10:02 of 1st period - Mikko Koivu wins face-off versus Marcel Goc in Lightning zone.
10:09 of 1st period - Shot by Dan Cleary.
10:09 of 1st period - Shot Misses the Net.
10:11 of 1st period - Shot by Jay Bouwmeester.
10:11 of 1st period - Stopped by Jaroslav Halak without a rebound.
10:12 of 1st period - Tomas Plekanec wins face-off versus Henrik Sedin in Lightning zone.
10:12 of 1st period - Tomas Plekanec is hit by Nikolai Kulemin.
10:55 of 1st period - Icing by Mikko Koivu.
10:56 of 1st period - Mikko Koivu wins face-off versus Marcel Goc in Rangers zone.
11:17 of 1st period - Andrei Kostitsyn is hit by Paul Stastny and loses puck.
11:53 of 1st period - Off-side.
11:54 of 1st period - Tom Pyatt wins face-off versus Scott Hartnell in neutral zone.
12:01 of 1st period - Shot by Mark Recchi.
12:01 of 1st period - Shot Misses the Net.
12:09 of 1st period - Shot by Jay Bouwmeester.
12:09 of 1st period - Shot Blocked by Tim Gleason.
12:13 of 1st period - Shot by Cal Clutterbuck.
12:13 of 1st period - Deflect By Mark Recchi.
12:13 of 1st period - Shot Misses the Net.
12:55 of 1st period - Shot by Dan Cleary.
12:55 of 1st period - Stopped by Jaroslav Halak without a rebound.
12:56 of 1st period - Paul Stastny wins face-off versus Scott Gomez in Lightning zone.
12:56 of 1st period - Paul Stastny is hit by Andrei Kostitsyn.
13:14 of 1st period - Shot by Keith Ballard.
13:14 of 1st period - Shot Blocked by Barret Jackman.
13:16 of 1st period - Shot by Nikolai Zherdev.
13:16 of 1st period - Goal by Nikolai Zherdev - Lightning : 0 - Rangers : 2.
13:17 of 1st period - Tomas Plekanec wins face-off versus Mikko Koivu in neutral zone.
13:27 of 1st period - Martin Havlat is hit by Ian White and loses puck.
13:51 of 1st period - Icing by Ian White.
13:52 of 1st period - Mikko Koivu wins face-off versus Paul Stastny in Rangers zone.
14:19 of 1st period - Shot by Paul Stastny.
14:19 of 1st period - Stopped by Niklas Backstrom without a rebound.
14:20 of 1st period - Marcel Goc wins face-off versus Tom Pyatt in Rangers zone.
14:27 of 1st period - Shot by Marcel Goc.
14:27 of 1st period - Shot Blocked by Mark Recchi.
14:37 of 1st period - Shot by Scott Hartnell.
14:37 of 1st period - Stopped by Niklas Backstrom without a rebound.
14:38 of 1st period - Tomas Plekanec wins face-off versus Scott Gomez in Rangers zone.
15:06 of 1st period - Niklas Kronwall is hit by Andrei Kostitsyn.
15:15 of 1st period - Martin Havlat is hit by Francis Bouillon and loses puck.
15:36 of 1st period - Brent Seabrook is hit by Andrei Kostitsyn and loses puck.
15:57 of 1st period - Shot by Lubomir Visnovsky.
15:57 of 1st period - Stopped by Jaroslav Halak without a rebound.
15:57 of 1st period - Minor Penalty to Niklas Kronwall for Holding.
15:58 of 1st period - Marcel Goc wins face-off versus Mikko Koivu in Lightning zone.
16:04 of 1st period - Minor Penalty to Scott Hartnell for Hooking.
16:05 of 1st period - Mikko Koivu wins face-off versus Maxime Talbot in Lightning zone.
17:27 of 1st period - Mike Cammalleri is hit by Brent Seabrook and loses puck.
18:31 of 1st period - Shot by Patrick Kane.
18:31 of 1st period - Shot Blocked by Mike Weaver.
19:16 of 1st period - Shot by Paul Stastny.
19:16 of 1st period - Stopped by Niklas Backstrom without a rebound.
19:17 of 1st period - Tomas Plekanec wins face-off versus Mikko Koivu in Rangers zone.
19:17 of 1st period - Tomas Plekanec is hit by Mike Weaver.
19:19 of 1st period - Shot by Martin Havlat.
19:19 of 1st period - Stopped by Niklas Backstrom without a rebound.
19:20 of 1st period - Maxime Talbot wins face-off versus Mikko Koivu in Rangers zone.
19:20 of 1st period - Ilya Kovalchuk is hit by Ian White and loses puck.
19:21 of 1st period - Minor Penalty to Mike Weaver for Elbowing.
19:22 of 1st period - Tomas Plekanec wins face-off versus Henrik Sedin in Rangers zone.
19:33 of 1st period - Shot by Patrick Sharp.
19:33 of 1st period - Stopped by Niklas Backstrom with a rebound.
19:35 of 1st period - Shot by Tomas Plekanec.
19:35 of 1st period - Stopped by Niklas Backstrom without a rebound.
19:36 of 1st period - Paul Stastny wins face-off versus Scott Gomez in Rangers zone.
19:45 of 1st period - Shot by Patrick Kane.
19:45 of 1st period - Stopped by Niklas Backstrom without a rebound.
19:46 of 1st period - Henrik Sedin wins face-off versus Tomas Plekanec in Rangers zone.

Period #2

0:01 of 2nd period - Henrik Sedin wins face-off versus Paul Stastny in neutral zone.
1:10 of 2nd period - Shot by Andrej Meszaros.
1:10 of 2nd period - Shot Misses the Net.
1:14 of 2nd period - Shot by Patrick Sharp.
1:14 of 2nd period - Deflect By Martin Havlat.
1:14 of 2nd period - Shot Misses the Net.
1:18 of 2nd period - Shot by Patrick Sharp.
1:18 of 2nd period - Shot Blocked by Francis Bouillon.
1:33 of 2nd period - Minor Penalty to Tim Gleason for Tripping.
1:34 of 2nd period - Marcel Goc wins face-off versus Mikko Koivu in Lightning zone.
1:57 of 2nd period - Shot by Mike Cammalleri.
1:57 of 2nd period - Stopped by Jaroslav Halak with a rebound.
1:59 of 2nd period - Shot by Jay Bouwmeester.
1:59 of 2nd period - Shot Misses the Net.
2:03 of 2nd period - Shot by Ian White.
2:03 of 2nd period - Goal by Ian White - Lightning : 0 - Rangers : 3.
2:04 of 2nd period - Scott Gomez wins face-off versus Paul Stastny in neutral zone.
2:58 of 2nd period - Minor Penalty to Andrej Meszaros for Roughing.
2:59 of 2nd period - Mark Recchi wins face-off versus Tomas Plekanec in Lightning zone.
3:02 of 2nd period - Shot by Dan Cleary.
3:02 of 2nd period - Deflect By Mikko Koivu.
3:02 of 2nd period - Shot Misses the Net.
3:24 of 2nd period - Shot by Mikko Koivu.
3:24 of 2nd period - Shot Hit the Post.
5:18 of 2nd period - Shot by Andrei Kostitsyn.
5:18 of 2nd period - Shot Misses the Net.
5:30 of 2nd period - Shot by Nikolai Zherdev.
5:30 of 2nd period - Stopped by Jaroslav Halak without a rebound.
5:31 of 2nd period - Tom Pyatt wins face-off versus Tomas Plekanec in Lightning zone.
5:31 of 2nd period - Mark Recchi is hit by Brent Seabrook and loses puck.
6:18 of 2nd period - Shot by Scott Hartnell.
6:18 of 2nd period - Shot Blocked by Jay Bouwmeester.
6:20 of 2nd period - Shot by Marcel Goc.
6:20 of 2nd period - Deflect By Scott Hartnell.
6:20 of 2nd period - Stopped by Niklas Backstrom without a rebound.
6:21 of 2nd period - Mikko Koivu wins face-off versus Paul Stastny in Rangers zone.
6:50 of 2nd period - Shot by Dan Cleary.
6:50 of 2nd period - Deflect By Mikko Koivu.
6:50 of 2nd period - Stopped by Jaroslav Halak without a rebound.
6:51 of 2nd period - Marcel Goc wins face-off versus Scott Gomez in Lightning zone.
7:04 of 2nd period - Shot by Scott Hartnell.
7:04 of 2nd period - Deflect By Marcel Goc.
7:04 of 2nd period - Shot Misses the Net.
7:16 of 2nd period - Shot by Scott Gomez.
7:16 of 2nd period - Goal by Scott Gomez - Lightning : 0 - Rangers : 4.
7:17 of 2nd period - Tomas Plekanec wins face-off versus Mikko Koivu in neutral zone.
7:19 of 2nd period - Off-side.
7:20 of 2nd period - Henrik Sedin wins face-off versus Tomas Plekanec in neutral zone.
7:35 of 2nd period - Shot by Martin Havlat.
7:35 of 2nd period - Shot Blocked by Lubomir Visnovsky.
7:41 of 2nd period - Shot by Tomas Plekanec.
7:41 of 2nd period - Stopped by Niklas Backstrom without a rebound.
7:42 of 2nd period - Mikko Koivu wins face-off versus Paul Stastny in Rangers zone.
7:59 of 2nd period - Shot by Dan Cleary.
7:59 of 2nd period - Goal by Dan Cleary - Lightning : 0 - Rangers : 5.
7:59 of 2nd period - Chris Mason enters game.
8:00 of 2nd period - Marcel Goc wins face-off versus Scott Gomez in neutral zone.
8:40 of 2nd period - Scott Gomez is hit by Tim Gleason.
8:46 of 2nd period - Nikolai Zherdev is hit by Nick Spaling and loses puck.
8:52 of 2nd period - Icing by Andrei Kostitsyn.
8:53 of 2nd period - Tomas Plekanec wins face-off versus Nikolai Zherdev in Rangers zone.
9:12 of 2nd period - Keith Ballard is hit by Patrick Sharp and loses puck.
9:42 of 2nd period - Shot by Henrik Sedin.
9:42 of 2nd period - Goal by Henrik Sedin - Lightning : 0 - Rangers : 6.
9:43 of 2nd period - Paul Stastny wins face-off versus Mikko Koivu in neutral zone.
9:43 of 2nd period - Paul Stastny is hit by Mikko Koivu.
10:12 of 2nd period - Ilya Kovalchuk is hit by Ian White and loses puck.
10:23 of 2nd period - Shot by Mikko Koivu.
10:23 of 2nd period - Stopped by Chris Mason with a rebound.
10:30 of 2nd period - Paul Stastny is hit by Mike Weaver and loses puck.
11:19 of 2nd period - Shot by Nikolai Kulemin.
11:19 of 2nd period - Shot Misses the Net.
11:25 of 2nd period - Shot by Nikolai Kulemin.
11:25 of 2nd period - Stopped by Chris Mason without a rebound.
11:26 of 2nd period - Tomas Plekanec wins face-off versus Tom Pyatt in Lightning zone.
11:30 of 2nd period - Icing by Martin Havlat.
11:31 of 2nd period - Tomas Plekanec wins face-off versus Scott Gomez in Lightning zone.
13:18 of 2nd period - Icing by Tim Gleason.
13:19 of 2nd period - Marcel Goc wins face-off versus Mike Cammalleri in Lightning zone.
13:53 of 2nd period - Ian White is hit by Patrick Kane and loses puck.
14:15 of 2nd period - Shot by Paul Stastny.
14:15 of 2nd period - Stopped by Niklas Backstrom without a rebound.
14:16 of 2nd period - Tomas Plekanec wins face-off versus Scott Gomez in Rangers zone.
14:21 of 2nd period - Shot by Patrick Sharp.
14:21 of 2nd period - Stopped by Niklas Backstrom without a rebound.
14:22 of 2nd period - Henrik Sedin wins face-off versus Patrick Sharp in Rangers zone.
14:35 of 2nd period - Shot by Nikolai Kulemin.
14:35 of 2nd period - Deflect By Henrik Sedin.
14:35 of 2nd period - Stopped by Chris Mason without a rebound.
14:36 of 2nd period - Scott Gomez wins face-off versus Tomas Plekanec in Lightning zone.
14:36 of 2nd period - Scott Gomez is hit by Brent Seabrook.
14:47 of 2nd period - Scott Gomez is hit by Brent Seabrook.
14:51 of 2nd period - Shot by Andrei Kostitsyn.
14:51 of 2nd period - Stopped by Chris Mason with a rebound.
14:55 of 2nd period - Shot by Scott Gomez.
14:55 of 2nd period - Stopped by Chris Mason without a rebound.
14:56 of 2nd period - Henrik Sedin wins face-off versus Paul Stastny in Lightning zone.
16:21 of 2nd period - Icing by Keith Ballard.
16:22 of 2nd period - Tomas Plekanec wins face-off versus Scott Gomez in Rangers zone.
16:34 of 2nd period - Andrei Kostitsyn is hit by Brent Seabrook and loses puck.
16:48 of 2nd period - Andrei Kostitsyn is hit by Brent Seabrook.
17:44 of 2nd period - Shot by Mikko Koivu.
17:44 of 2nd period - Shot Blocked by Tim Gleason.
17:48 of 2nd period - Shot by Mikko Koivu.
17:48 of 2nd period - Stopped by Chris Mason without a rebound.
17:49 of 2nd period - Tom Pyatt wins face-off versus Tomas Plekanec in Lightning zone.
18:48 of 2nd period - Shot by Mike Cammalleri.
18:48 of 2nd period - Shot Blocked by Niklas Kronwall.
18:50 of 2nd period - Shot by Mike Weaver.
18:50 of 2nd period - Shot Blocked by Brent Seabrook.
19:11 of 2nd period - Icing by Niklas Kronwall.
19:12 of 2nd period - Henrik Sedin wins face-off versus Tomas Plekanec in Lightning zone.

Period #3

0:01 of 3rd period - Tomas Plekanec wins face-off versus Henrik Sedin in neutral zone.
0:04 of 3rd period - Shot by Patrick Sharp.
0:04 of 3rd period - Stopped by Niklas Backstrom without a rebound.
0:05 of 3rd period - Ilya Kovalchuk wins face-off versus Mikko Koivu in Rangers zone.
0:08 of 3rd period - Shot by Patrick Kane.
0:08 of 3rd period - Stopped by Niklas Backstrom without a rebound.
0:09 of 3rd period - Henrik Sedin wins face-off versus Tomas Plekanec in Rangers zone.
1:10 of 3rd period - Mike Weaver is hit by Tomas Plekanec and loses puck.
1:39 of 3rd period - Shot by Dan Cleary.
1:39 of 3rd period - Shot Blocked by Patrick Kane.
1:41 of 3rd period - Shot by Mike Cammalleri.
1:41 of 3rd period - Goal by Mike Cammalleri - Lightning : 0 - Rangers : 7.
1:42 of 3rd period - Scott Gomez wins face-off versus Marcel Goc in neutral zone.
1:49 of 3rd period - Shot by Nikolai Zherdev.
1:49 of 3rd period - Stopped by Chris Mason without a rebound.
1:50 of 3rd period - Marcel Goc wins face-off versus Scott Gomez in Lightning zone.
2:51 of 3rd period - Barret Jackman is hit by Cal Clutterbuck and loses puck.
3:10 of 3rd period - Shot by Patrick Kane.
3:10 of 3rd period - Shot Misses the Net.
3:40 of 3rd period - Shot by Patrick Sharp.
3:40 of 3rd period - Stopped by Niklas Backstrom without a rebound.
3:41 of 3rd period - Mikko Koivu wins face-off versus Tomas Plekanec in Rangers zone.
4:18 of 3rd period - Shot by Mikko Koivu.
4:18 of 3rd period - Stopped by Chris Mason with a rebound.
4:20 of 3rd period - Shot by Ian White.
4:20 of 3rd period - Stopped by Chris Mason without a rebound.
4:21 of 3rd period - Marcel Goc wins face-off versus Scott Gomez in Lightning zone.
4:28 of 3rd period - Shot by Andrei Kostitsyn.
4:28 of 3rd period - Stopped by Chris Mason without a rebound.
4:29 of 3rd period - Henrik Sedin wins face-off versus Marcel Goc in Lightning zone.
4:47 of 3rd period - Off-side.
4:48 of 3rd period - Scott Gomez wins face-off versus Paul Stastny in neutral zone.
5:19 of 3rd period - Shot by Andrei Kostitsyn.
5:19 of 3rd period - Stopped by Chris Mason without a rebound.
5:20 of 3rd period - Marcel Goc wins face-off versus Mikko Koivu in Lightning zone.
5:20 of 3rd period - Marcel Goc is hit by Mikko Koivu.
5:34 of 3rd period - Shot by Scott Hartnell.
5:34 of 3rd period - Shot Misses the Net.
5:58 of 3rd period - Shot by Dan Cleary.
5:58 of 3rd period - Shot Misses the Net.
6:00 of 3rd period - Shot by Dan Cleary.
6:00 of 3rd period - Stopped by Chris Mason with a rebound.
6:02 of 3rd period - Shot by Dan Cleary.
6:02 of 3rd period - Goal by Dan Cleary - Lightning : 0 - Rangers : 8.
6:03 of 3rd period - Tomas Plekanec wins face-off versus Nikolai Kulemin in neutral zone.
6:03 of 3rd period - Tomas Plekanec is hit by Nikolai Kulemin.
6:06 of 3rd period - Brent Seabrook is hit by Jay Bouwmeester and loses puck.
6:53 of 3rd period - Icing by Niklas Kronwall.
6:54 of 3rd period - Tomas Plekanec wins face-off versus Scott Gomez in Lightning zone.
7:20 of 3rd period - Icing by Andrej Meszaros.
7:21 of 3rd period - Mikko Koivu wins face-off versus Patrick Kane in Lightning zone.
7:35 of 3rd period - Shot by Dan Cleary.
7:35 of 3rd period - Shot Blocked by Paul Stastny.
7:37 of 3rd period - Shot by Dan Cleary.
7:37 of 3rd period - Goal by Dan Cleary - Lightning : 0 - Rangers : 9.
7:38 of 3rd period - Marcel Goc wins face-off versus Mark Recchi in neutral zone.
8:02 of 3rd period - Icing by Lubomir Visnovsky.
8:03 of 3rd period - Paul Stastny wins face-off versus Tom Pyatt in Rangers zone.
8:55 of 3rd period - Icing by Patrick Sharp.
8:56 of 3rd period - Tomas Plekanec wins face-off versus Scott Gomez in Lightning zone.
9:31 of 3rd period - Shot by Patrick Sharp.
9:31 of 3rd period - Stopped by Niklas Backstrom without a rebound.
9:32 of 3rd period - Mikko Koivu wins face-off versus Marcel Goc in Rangers zone.
9:37 of 3rd period - Ian White is hit by Scott Hartnell and loses puck.
9:54 of 3rd period - Shot by Mikko Koivu.
9:54 of 3rd period - Shot Blocked by Andy Sutton.
10:13 of 3rd period - Minor Penalty to Dan Cleary for Roughing.
10:14 of 3rd period - Scott Gomez wins face-off versus Paul Stastny in Rangers zone.
10:23 of 3rd period - Shot by Brent Seabrook.
10:23 of 3rd period - Shot Blocked by Lubomir Visnovsky.
10:25 of 3rd period - Shot by Ilya Kovalchuk.
10:25 of 3rd period - Stopped by Niklas Backstrom without a rebound.
10:26 of 3rd period - Scott Gomez wins face-off versus Tomas Plekanec in Rangers zone.
10:48 of 3rd period - Icing by Martin Havlat.
10:49 of 3rd period - Tomas Plekanec wins face-off versus Mark Recchi in Lightning zone.
10:56 of 3rd period - Mike Weaver is hit by Andrej Meszaros and loses puck.
11:01 of 3rd period - Shot by Martin Havlat.
11:01 of 3rd period - Shot Misses the Net.
11:03 of 3rd period - Shot by Tim Gleason.
11:03 of 3rd period - Shot Misses the Net.
11:47 of 3rd period - Shot by Niklas Kronwall.
11:47 of 3rd period - Shot Misses the Net.
11:51 of 3rd period - Shot by Brent Seabrook.
11:51 of 3rd period - Shot Misses the Net.
11:53 of 3rd period - Shot by Niklas Kronwall.
11:53 of 3rd period - Stopped by Niklas Backstrom without a rebound.
11:54 of 3rd period - Tomas Plekanec wins face-off versus Scott Gomez in Rangers zone.
12:27 of 3rd period - Shot by Dan Cleary.
12:27 of 3rd period - Stopped by Chris Mason without a rebound.
12:28 of 3rd period - Henrik Sedin wins face-off versus Paul Stastny in Lightning zone.
12:33 of 3rd period - Shot by Lubomir Visnovsky.
12:33 of 3rd period - Shot Misses the Net.
12:35 of 3rd period - Shot by Lubomir Visnovsky.
12:35 of 3rd period - Stopped by Chris Mason without a rebound.
12:36 of 3rd period - Dan Cleary wins face-off versus Marcel Goc in Lightning zone.
12:36 of 3rd period - Dan Cleary is hit by Tim Gleason.
12:58 of 3rd period - Shot by Scott Hartnell.
12:58 of 3rd period - Shot Blocked by Dan Cleary.
13:00 of 3rd period - Shot by Nick Spaling.
13:00 of 3rd period - Stopped by Niklas Backstrom without a rebound.
13:01 of 3rd period - Scott Gomez wins face-off versus Tomas Plekanec in Rangers zone.
13:01 of 3rd period - Scott Gomez is hit by Martin Havlat.
14:19 of 3rd period - Shot by Henrik Sedin.
14:19 of 3rd period - Shot Misses the Net.
14:23 of 3rd period - Shot by Henrik Sedin.
14:23 of 3rd period - Shot Blocked by Andrej Meszaros.
14:25 of 3rd period - Shot by Jay Bouwmeester.
14:25 of 3rd period - Stopped by Chris Mason without a rebound.
14:26 of 3rd period - Mikko Koivu wins face-off versus Marcel Goc in Lightning zone.
14:52 of 3rd period - Mike Cammalleri is hit by Andy Sutton and loses puck.
15:43 of 3rd period - Minor Penalty to Tim Gleason for Interference.
15:44 of 3rd period - Henrik Sedin wins face-off versus Tomas Plekanec in Lightning zone.
15:44 of 3rd period - Lubomir Visnovsky is hit by Brent Seabrook and loses puck.
15:51 of 3rd period - Shot by Mike Cammalleri.
15:51 of 3rd period - Stopped by Chris Mason without a rebound.
15:52 of 3rd period - Tomas Plekanec wins face-off versus Henrik Sedin in Lightning zone.
16:20 of 3rd period - Minor Penalty to Andrej Meszaros for Boarding.
16:21 of 3rd period - Mikko Koivu wins face-off versus Tomas Plekanec in Lightning zone.
16:22 of 3rd period - Shot by Dan Cleary.
16:22 of 3rd period - Shot Misses the Net.
16:30 of 3rd period - Shot by Dan Cleary.
16:30 of 3rd period - Shot Misses the Net.
16:38 of 3rd period - Shot by Mikko Koivu.
16:38 of 3rd period - Stopped by Chris Mason without a rebound.
16:39 of 3rd period - Maxime Talbot wins face-off versus Mikko Koivu in Lightning zone.
16:56 of 3rd period - Shot by Mikko Koivu.
16:56 of 3rd period - Stopped by Chris Mason with a rebound.
16:58 of 3rd period - Shot by Mark Recchi.
16:58 of 3rd period - Shot Misses the Net.
17:00 of 3rd period - Shot by Dan Cleary.
17:00 of 3rd period - Stopped by Chris Mason without a rebound.
17:01 of 3rd period - Henrik Sedin wins face-off versus Tomas Plekanec in Lightning zone.
17:08 of 3rd period - Shot by Lubomir Visnovsky.
17:08 of 3rd period - Shot Blocked by Brent Seabrook.
17:10 of 3rd period - Shot by Lubomir Visnovsky.
17:10 of 3rd period - Shot Misses the Net.
17:16 of 3rd period - Shot by Mike Cammalleri.
17:16 of 3rd period - Deflect By Henrik Sedin.
17:16 of 3rd period - Shot Misses the Net.
17:18 of 3rd period - Shot by Lubomir Visnovsky.
17:18 of 3rd period - Shot Misses the Net.
17:20 of 3rd period - Shot by Lubomir Visnovsky.
17:20 of 3rd period - Shot Blocked by Tomas Plekanec.
17:24 of 3rd period - Shot by Mike Cammalleri.
17:24 of 3rd period - Stopped by Chris Mason without a rebound.
17:25 of 3rd period - Mikko Koivu wins face-off versus Maxime Talbot in Lightning zone.
17:34 of 3rd period - Shot by Ian White.
17:34 of 3rd period - Shot Misses the Net.
17:36 of 3rd period - Shot by Ian White.
17:36 of 3rd period - Stopped by Chris Mason with a rebound.
17:38 of 3rd period - Shot by Dan Cleary.
17:38 of 3rd period - Shot Blocked by Barret Jackman.
17:40 of 3rd period - Shot by Dan Cleary.
17:40 of 3rd period - Shot Misses the Net.
17:54 of 3rd period - Shot by Dan Cleary.
17:54 of 3rd period - Stopped by Chris Mason without a rebound.
17:55 of 3rd period - Henrik Sedin wins face-off versus Marcel Goc in Lightning zone.
18:07 of 3rd period - Shot by Nikolai Kulemin.
18:07 of 3rd period - Shot Hit the Post.
18:35 of 3rd period - Shot by Andrei Kostitsyn.
18:35 of 3rd period - Shot Hit the Post.
18:37 of 3rd period - Shot by Andrei Kostitsyn.
18:37 of 3rd period - Stopped by Chris Mason with a rebound.
18:38 of 3rd period - Minor Penalty to Brent Seabrook for Goalie Interference.
18:39 of 3rd period - Tomas Plekanec wins face-off versus Mikko Koivu in Lightning zone.
18:54 of 3rd period - Shot by Dan Cleary.
18:54 of 3rd period - Deflect By Mikko Koivu.
18:54 of 3rd period - Stopped by Chris Mason without a rebound.
18:55 of 3rd period - Henrik Sedin wins face-off versus Tomas Plekanec in Lightning zone.
18:56 of 3rd period - Shot by Lubomir Visnovsky.
18:56 of 3rd period - Shot Misses the Net.
18:58 of 3rd period - Shot by Nikolai Kulemin.
18:58 of 3rd period - Shot Misses the Net.
19:00 of 3rd period - Shot by Lubomir Visnovsky.
19:00 of 3rd period - Stopped by Chris Mason without a rebound.
19:01 of 3rd period - Henrik Sedin wins face-off versus Tomas Plekanec in Lightning zone.
19:50 of 3rd period - Shot by Mikko Koivu.
19:50 of 3rd period - Deflect By Dan Cleary.
19:50 of 3rd period - Stopped by Chris Mason without a rebound.
19:51 of 3rd period - Dan Cleary wins face-off versus Marcel Goc in Lightning zone.


Output by the SimonT Hockey Simulator (STHS) for Stephane Roy -- Original Page W3C XHTML 1.0 Valid